 Dungeon Crawl Stone Soup version 0.17-a0-977-g4154171 (webtiles) character file.

174 Kolbur the Cudgeler (level 5, -9/28 HPs)
             Began as a Vine Stalker Chaos Knight on May 10, 2015.
             Mangled by an iguana (11 damage)
             ... on level 4 of the Dungeon.
             The game lasted 00:26:49 (2275 turns).

Kolbur the Cudgeler (Vine Stalker Chaos Knight)     Turns: 2275, Time: 00:26:49

Health: -9/28      AC:  6    Str: 15    XL:     5   Next: 54%
Magic:  0/7        EV: 16    Int: 12    God:    Xom [...*..]
Gold:   149        SH:  0    Dex: 19    Spells: 0 memorised, 6 levels left

rFire  . . .     SeeInvis .     a - +0 mace (chaos)
rCold  . . .     Clarity  .     b - +2 leather armour
rNeg   . . .     SustAb   .     (no shield)
rPois  .         Gourm    .     p - +0 helmet
rElec  .         Spirit   +     (no cloak)
rCorr  .         Warding  .     (no gloves)
rMut   .         Stasis   .     (no boots)
MR     .....                    (no amulet)
Stlth  ++........               (no ring)
                                (no ring)

@: agile, not resistant to hostile enchantments, unstealthy
A: fangs 2, regeneration 1, magic shield, antimagic bite, no device heal 3, rot
immunity
a: Renounce Religion


You were on level 4 of the Dungeon.
You worshipped Xom.
You were a favourite toy of Xom.
You were not hungry.

You visited 1 branch of the dungeon, and saw 4 of its levels.

You collected 149 gold pieces.

Inventory:

Hand weapons
 a - a +0 mace of chaos (weapon)
 f - a +0 morningstar
 B - a +0 war axe
Missiles
 e - 62 stones (quivered)
 j - 62 arrows
 q - 3 tomahawks
 r - 19 sling bullets
 y - 12 bolts
Armour
 b - a +2 leather armour (worn)
 o - a +0 ring mail of cold resistance
 p - a +0 helmet (worn)
Magical staves
 w - an uncursed staff of fire {unknown}
Magical devices
 t - a wand of confusion (20)
Scrolls
 h - 2 scrolls of teleportation
 i - a scroll of enchant armour {unknown}
 k - a scroll of enchant weapon
 m - a scroll of remove curse
 u - a scroll of amnesia
 v - a scroll of immolation
Potions
 d - a potion of invisibility
 x - a potion of haste
Comestibles
 c - a bread ration
 l - a royal jelly
 n - 3 beef jerkies
 s - 5 fruits
 z - 3 meat rations
 A - a chunk of flesh


   Skills:
 + Level 3.1 Fighting
 - Level 5.0 Maces & Flails
 - Level 1.5 Armour
 + Level 0.8 Dodging
 - Level 1.1 Spellcasting


You had 6 spell levels left.
You didn't know any spells.

Dungeon Overview and Level Annotations

Branches:
Dungeon (4/15)
 Temple: D:4-7

Altars:
Dithmenos
Okawaru
Sif Muna
Zin
The Shining One

Shops:
D:4 (

Annotations:
D:3 Ijyb


Innate Abilities, Weirdness & Mutations

You have extremely sharp teeth.
Your natural rate of healing is unusually fast.
When hurt, damage is shared between your health and your magic reserves.
Your bite disrupts and absorbs the magic of your enemies.
Potions and wands cannot restore your health.
You are immune to rotting.


Message History

Evoke which item? (* to show all) (? for menu, Esc to quit)
Zapping:
t - a wand of confusion {zapped: 3} (will waste charges)
Press: ? - help, Shift-Dir - straight line, f/p - iguana
Aim: an iguana (heavily wounded, berserk, fast, unusually strong, chance 54%)
Okay, then.
Drink which item? (? for menu, Esc to quit)
Okay, then.
Drink which item? (? for menu, Esc to quit)
You feel agile all of a sudden. The iguana closely misses you.
You closely miss the iguana. Your bite misses the iguana.
The iguana is heavily wounded.
The iguana bites you!
* * * LOW HITPOINT WARNING * * *
The iguana bites you but does no damage.
You hit the iguana but do no damage.
The iguana is poisoned.
You bite the iguana. You drain its power.
You feel invigorated.
The iguana is severely wounded.
The iguana bites you!
You die...

##...............# #
##......#.##...(#.#
###.>###.##......#
##.###.##.......
#.##..##....# ..
##.>.......#.# ..
#.........##.##### ..
#.....l...##.#.... .#
##..<@..#......# .#
#.#####.....#######.#
#.# #..#.####.....#
#.#####..#.# #..#..##
#.......##.###.##....
#.......##...#.##....
#......###.....#.....
#......###..........#
#......##......#....#


You could see an iguana (berserk).

Vanquished Creatures
  A centaur skeleton (D:3)
  Robin (D:2)
  5 adders
  3 oozes
  2 worms (D:2)
  3 giant geckos
  5 orcs
  13 goblins
  13 hobgoblins
  2 jackals (D:2)
  A quokka (D:2)
  9 bats
  2 giant cockroaches (D:1)
  5 kobolds
  4 rats
69 creatures vanquished.

Notes
Turn   | Place    | Note
--------------------------------------------------------------
     0 | D:1      | Kolbur, the Vine Stalker Chaos Knight, began the quest for the Orb.
     0 | D:1      | Reached XP level 1. HP: 11/11 MP: 2/2
   115 | D:1      | Reached XP level 2. HP: 14/16 MP: 3/3
   193 | D:1      | Reached skill level 3 in Fighting
   416 | D:1      | XOM: harmless Summ miscast
   494 | D:2      | Reached skill level 1 in Spellcasting
   494 | D:2      | Reached XP level 3. HP: 20/20 MP: 5/5
   543 | D:2      | Noticed Robin
   557 | D:2      | XOM: potion effect (invisibility)
   605 | D:2      | Killed Robin
   607 | D:2      | Reached XP level 4. HP: 19/24 MP: 4/6
   629 | D:2      | Found a deep blue altar of Sif Muna.
   968 | D:2      | Reached skill level 4 in Maces & Flails
  1375 | D:2      | Found an iron altar of Okawaru.
  1578 | D:3      | Reached XP level 5. HP: 24/28 MP: 7/7
  1637 | D:3      | Noticed Ijyb
  1777 | D:3      | Reached skill level 5 in Maces & Flails
  1972 | D:3      | Found a glowing golden altar of the Shining One.
  1975 | D:3      | Found a glowing silver altar of Zin.
  1978 | D:3      | Found a shadowy altar of Dithmenos.
  2063 | D:4      | Found Uchareup's Antique Weapon Shop.
  2274 | D:4      | HP: 1/28 [iguana (12)]
  2275 | D:4      | Mangled by an iguana

Vault maps used:
D:1:      dpeg_arrival_three_smaller_balls
D:2:      lemuel_doored_altar, led_sif_pool, uniq_robin
D:3:      grunt_temple_overflow_diamond, minmay_misc_feat_x, st_stairs_9,
          uniq_iyjb
D:4:      nicolae_gozag_seed_capital, serial_shops,
          nicolae_shop_competitors_out_of_business, first_bread,
          lemuel_statue_altar, uniq_blork_the_orc

Action                   |  1- 3 |  4- 6 || total
-------------------------+-------+-------++-------
Melee: Mace              |    94 |    90 ||   184
Throw: Tomahawk          |     6 |     3 ||     9
       Stone             |    10 |    21 ||    31
Evoke: Wand              |       |     1 ||     1
  Use: Scroll            |       |     9 ||     9
       Potion            |       |     1 ||     1
 Stab: Invisible         |     5 |     1 ||     6
       Confused          |       |     3 ||     3
  Eat: Chunk             |       |     5 ||     5
